General information
- name: BNet
- type: Ladder team game (AT/RT)
- host: Battle.net
- saver: Gobiner
map: RiverOfSouls
- players: 6
- length: 18:49
- speed: Fast
- version: 1.24 W3XP
- replay type: Public
» download(123 KB)
Players
team 1 (loser)

»
Beleaguer (
purple | 61 APM | 1151 actions | 18:48)
3 Death Knight
2 Death Coil
1 Unholy Aura
1 Lich
1 Frost Nova
» actions
| Assign group hotkey | 26 | |
| Basic commands | 77 | |
| Build / train | 36 | |
| ESC pressed | 3 | |
| Enter build submenu | 16 | |
| Enter hero's abilities submenu | 4 | |
| Give item / drop item | 2 | |
| Right click | 476 | |
| Select / deselect | 189 | |
| Select group hotkey | 279 | |
| Use ability | 43 | |
1151 total
» units
| Acolyte | 2 | |
| Ghoul | 3 | |
| Crypt Fiend | 9 | |
| Obsidian Statue | 1 | |
15 total
» upgrades
| Creature Attack | 2 | |
| Creature Carapace | 2 | |
| Web | 1 | |
5 total
» buildings
| Graveyard | 1 | |
| Crypt | 1 | |
| Ziggurat | 7 | |
| Altar of Darkness | 1 | |
| Tomb of Relics | 1 | |
| Nerubian Tower | 1 | |
| Halls of the Dead | 1 | |
| Slaughterhouse | 1 | |
| Black Citadel | 1 | |
15 total
» build order
00:10 Graveyard
00:13 Crypt
00:40 Ziggurat
01:00 Altar of Darkness
01:50 Tomb of Relics
02:25 Ziggurat
02:43 Nerubian Tower
04:35 Ziggurat
05:23 Halls of the Dead
06:55 Ziggurat
07:49 Slaughterhouse
10:04 Black Citadel
13:48 Ziggurat
13:50 Ziggurat
13:51 Ziggurat
» items
| Dust of Appearance | 2 | |
| Periapt of Vitality | 2 | |
| Rod of Necromancy | 2 | |
| Potion of Healing | 1 | |
7 total
Cassiusali (
green | 86 APM | 1614 actions | 18:47)
3 Beastmaster
1 Summon Quilbeast
2 Summon Hawk
» actions
| Assign group hotkey | 33 | |
| Basic commands | 16 | |
| Build / train | 50 | |
| ESC pressed | 1 | |
| Enter build submenu | 28 | |
| Enter hero's abilities submenu | 3 | |
| Remove unit from queue | 1 | |
| Right click | 743 | |
| Select / deselect | 234 | |
| Select group hotkey | 446 | |
| Use ability | 59 | |
1614 total
» units
| Wisp | 26 | |
| Archer | 1 | |
| Huntress | 4 | |
| Hippogryph | 5 | |
| Chimaera | 2 | |
38 total
» upgrades
| Strength of the Wild | 1 | |
| Corrosive Breath | 1 | |
2 total
» buildings
| Moon Well | 7 | |
| Altar of Elders | 1 | |
| Hunter's Hall | 2 | |
| Ancient of War | 2 | |
| Tree of Ages | 1 | |
| Tree of Eternity | 1 | |
| Ancient of Wind | 2 | |
| Chimaera Roost | 2 | |
| Ancient Protector | 3 | |
21 total
» build order
00:14 Moon Well
01:13 Altar of Elders
01:18 Hunter's Hall
01:34 Moon Well
01:59 Ancient of War
02:24 Ancient of War
03:08 Moon Well
04:55 Tree of Ages
05:53 Moon Well
07:00 Hunter's Hall
07:14 Moon Well
07:18 Tree of Eternity
08:05 Ancient of Wind
09:44 Chimaera Roost
10:26 Chimaera Roost
10:31 Ancient of Wind
11:36 Ancient Protector
11:39 Ancient Protector
12:08 Ancient Protector
13:04 Moon Well
16:46 Moon Well
» items
| Scroll of Town Portal | 1 | |
| Scroll of Healing | 1 | |
| Boots of Speed | 1 | |
3 total
RaTNuTz (
teal | 67 APM | 1254 actions | 18:38)
3 Priestess of the Moon
2 Trueshot Aura
1 Scout
» actions
| Assign group hotkey | 29 | |
| Basic commands | 147 | |
| Build / train | 70 | |
| ESC pressed | 4 | |
| Enter build submenu | 19 | |
| Enter hero's abilities submenu | 3 | |
| Right click | 303 | |
| Select / deselect | 295 | |
| Select group hotkey | 346 | |
| Use ability | 38 | |
1254 total
» units
| Wisp | 29 | |
| Archer | 8 | |
| Hippogryph | 11 | |
| Chimaera | 6 | |
54 total
» upgrades
| Improved Bows | 1 | |
| Strength of the Wild | 1 | |
| Corrosive Breath | 1 | |
3 total
» buildings
| Altar of Elders | 1 | |
| Moon Well | 7 | |
| Ancient of War | 2 | |
| Tree of Ages | 2 | |
| Hunter's Hall | 1 | |
| Tree of Eternity | 1 | |
| Ancient of Wind | 2 | |
| Chimaera Roost | 3 | |
| Tree of Life | 1 | |
20 total
» build order
00:08 Altar of Elders
00:17 Moon Well
00:59 Ancient of War
01:23 Moon Well
01:47 Ancient of War
03:19 Moon Well
04:00 Tree of Ages
05:20 Moon Well
05:24 Hunter's Hall
07:01 Tree of Eternity
07:58 Ancient of Wind
08:00 Ancient of Wind
08:22 Moon Well
09:31 Chimaera Roost
09:42 Chimaera Roost
10:28 Chimaera Roost
13:15 Tree of Life
14:31 Moon Well
14:35 Moon Well
» items
| Boots of Speed | 1 | |
| Potion of Lesser Invulnerability | 1 | |
| Scroll of Healing | 1 | |
3 total
team 2 (winner)
cum.2ez (
orange | 86 APM | 1616 actions | 18:48)
2 Blademaster
1 Wind Walk
1 Critical Strike
2 Tauren Chieftain
1 War Stomp
1 Endurance Aura
2 Shadow Hunter
1 Hex
1 Healing Wave
» actions
| Assign group hotkey | 14 | |
| Basic commands | 1 | |
| Build / train | 65 | |
| ESC pressed | 2 | |
| Enter build submenu | 35 | |
| Enter hero's abilities submenu | 7 | |
| Give item / drop item | 6 | |
| Right click | 694 | |
| Select / deselect | 189 | |
| Select group hotkey | 497 | |
| Use ability | 106 | |
1616 total
» units
» buildings
| Altar of Storms | 1 | |
| Orc Burrow | 4 | |
| Voodoo Lounge | 1 | |
| War Mill | 1 | |
| Watch Tower | 23 | |
| Stronghold | 1 | |
| Fortress | 1 | |
| Beastiary | 2 | |
34 total
» build order
00:10 Altar of Storms
00:19 Orc Burrow
00:58 Voodoo Lounge
01:07 War Mill
01:47 Orc Burrow
02:19 Watch Tower
02:47 Watch Tower
03:22 Watch Tower
03:23 Watch Tower
04:01 Watch Tower
05:02 Stronghold
05:14 Watch Tower
05:15 Watch Tower
05:30 Orc Burrow
05:32 Orc Burrow
06:05 Watch Tower
06:14 Watch Tower
07:22 Watch Tower
07:24 Watch Tower
08:01 Fortress
08:25 Watch Tower
08:43 Beastiary
09:45 Beastiary
10:09 Watch Tower
10:10 Watch Tower
10:11 Watch Tower
10:18 Watch Tower
10:19 Watch Tower
14:50 Watch Tower
14:52 Watch Tower
16:08 Watch Tower
16:09 Watch Tower
16:12 Watch Tower
18:26 Watch Tower
» items
| Healing Salve | 3 | |
| Lesser Clarity Potion | 7 | |
| Scroll of Speed | 3 | |
| Boots of Speed | 3 | |
| Staff of Teleportation | 3 | |
| Circlet of Nobility | 7 | |
| Orb of Lightning | 4 | |
| Staff of Sanctuary | 2 | |
32 total
Gobiner (
red | 45 APM | 853 actions | 18:49)
3 Blademaster
2 Wind Walk
1 Critical Strike
» actions
| Assign group hotkey | 9 | |
| Basic commands | 7 | |
| Build / train | 55 | |
| Enter build submenu | 32 | |
| Enter hero's abilities submenu | 3 | |
| Give item / drop item | 2 | |
| Right click | 351 | |
| Select / deselect | 104 | |
| Select group hotkey | 222 | |
| Use ability | 68 | |
853 total
» units
» upgrades
| Spiked Barricades | 1 | |
| Liquid Fire | 1 | |
| Reinforced Defenses | 1 | |
| Ranged Weapons | 2 | |
5 total
» buildings
| Altar of Storms | 1 | |
| Orc Burrow | 4 | |
| War Mill | 1 | |
| Watch Tower | 24 | |
| Voodoo Lounge | 1 | |
| Stronghold | 3 | |
| Fortress | 1 | |
| Beastiary | 2 | |
37 total
» build order
00:07 Altar of Storms
00:17 Orc Burrow
00:31 War Mill
01:39 Orc Burrow
01:50 Watch Tower
02:11 Watch Tower
02:57 Watch Tower
03:08 Watch Tower
03:17 Watch Tower
03:59 Voodoo Lounge
04:14 Watch Tower
04:21 Watch Tower
05:02 Stronghold
05:02 Stronghold
05:19 Watch Tower
05:28 Watch Tower
06:01 Watch Tower
06:04 Watch Tower
07:08 Watch Tower
07:12 Watch Tower
07:23 Fortress
07:41 Watch Tower
08:09 Beastiary
08:14 Beastiary
08:19 Orc Burrow
08:21 Orc Burrow
08:46 Watch Tower
08:50 Watch Tower
10:05 Watch Tower
10:14 Watch Tower
11:27 Watch Tower
11:32 Watch Tower
11:33 Watch Tower
12:42 Watch Tower
14:16 Watch Tower
14:16 Watch Tower
» items
| Lesser Clarity Potion | 3 | |
| Healing Salve | 3 | |
| Staff of Teleportation | 1 | |
| Boots of Speed | 1 | |
| Orb of Lightning | 1 | |
| Scroll of Town Portal | 1 | |
| Circlet of Nobility | 1 | |
11 total
MrFrosty (
pink | 92 APM | 1733 actions | 18:48)
3 Archmage
2 Blizzard
1 Brilliance Aura
2 Blood Mage
1 Flame Strike
1 Banish
» actions
| Assign group hotkey | 24 | |
| Basic commands | 7 | |
| Build / train | 74 | |
| Enter build submenu | 39 | |
| Enter hero's abilities submenu | 5 | |
| Give item / drop item | 9 | |
| Right click | 908 | |
| Select / deselect | 309 | |
| Select group hotkey | 245 | |
| Use ability | 113 | |
1733 total
» units
| Peasant | 13 | |
| Sorceress | 2 | |
| Priest | 2 | |
| Dragonhawk Rider | 6 | |
23 total
» upgrades
| Masonry | 3 | |
| Lumber Harvesting | 1 | |
| Magic Sentry | 1 | |
| Sorceress Training | 1 | |
| Priest Training | 1 | |
| Animal War Training | 1 | |
8 total
» buildings
| Altar of Kings | 1 | |
| Farm | 8 | |
| Lumber Mill | 1 | |
| Scout Tower | 24 | |
| Arcane Tower | 9 | |
| Guard Tower | 13 | |
| Keep | 2 | |
| Arcane Sanctum | 1 | |
| Gryphon Aviary | 1 | |
| Arcane Vault | 2 | |
| Castle | 1 | |
| Blacksmith | 1 | |
| Barracks | 1 | |
65 total
» build order
00:05 Altar of Kings
00:19 Farm
00:40 Lumber Mill
00:45 Scout Tower
01:12 Arcane Tower
01:21 Farm
01:38 Scout Tower
02:03 Scout Tower
02:07 Guard Tower
02:08 Guard Tower
02:36 Guard Tower
02:37 Scout Tower
02:38 Scout Tower
03:06 Arcane Tower
03:07 Scout Tower
03:13 Keep
03:13 Keep
03:30 Farm
03:32 Arcane Tower
04:00 Arcane Tower
04:01 Scout Tower
04:02 Scout Tower
04:07 Farm
04:31 Farm
04:41 Guard Tower
04:45 Scout Tower
05:05 Guard Tower
05:09 Scout Tower
05:12 Scout Tower
05:58 Arcane Sanctum
06:09 Guard Tower
06:25 Scout Tower
06:29 Guard Tower
06:36 Scout Tower
06:58 Guard Tower
08:18 Guard Tower
08:19 Scout Tower
08:32 Farm
08:54 Scout Tower
09:01 Arcane Tower
09:04 Scout Tower
09:22 Gryphon Aviary
09:26 Arcane Vault
09:31 Guard Tower
09:32 Scout Tower
10:11 Guard Tower
10:14 Arcane Tower
10:17 Scout Tower
10:21 Scout Tower
10:24 Arcane Vault
10:28 Castle
10:37 Farm
11:01 Arcane Tower
12:58 Arcane Tower
13:15 Farm
13:18 Blacksmith
13:22 Barracks
13:34 Scout Tower
15:23 Arcane Tower
16:21 Scout Tower
16:23 Scout Tower
16:24 Scout Tower
16:24 Scout Tower
17:47 Guard Tower
18:44 Guard Tower
» items
| Staff of Teleportation | 2 | |
| Boots of Speed | 2 | |
| Healing Salve | 1 | |
| Scroll of Town Portal | 1 | |
| Lesser Clarity Potion | 1 | |
| Staff of Sanctuary | 2 | |
| Orb of Lightning | 1 | |
10 total
Chat log
(05:34 / All) Gobiner: D
(05:35 / All) cum.2ez: D
(05:35 / All) cum.2ez: D
(05:35 / All) cum.2ez: D
(06:41 / Allies) cum.2ez: 100g plz
(09:00 / All) cum.2ez: Rofl
(14:54 / All) cum.2ez: LoL
(17:44 / All) cum.2ez: u can leave now purpz
(17:49 / All) Beleaguer: :D
(18:25 / All) MrFrosty: gg?
(18:32 / All) MrFrosty: nvm, 2ez for a gg
(18:34 / All) Cassiusali: too gay :)
(18:40 / All) cum.2ez: C u
(18:44 / All) Cassiusali: fags
(18:48 / All) MrFrosty: 2 e z